 Dungeon Crawl Stone Soup version 0.17-a0-1399-gd5b76e1 (webtiles) character file.

91 tinkerttoy the Ruffian (level 4, -2/44 HPs)
             Began as a Troll Monk on June 19, 2015.
             Slain by SgtCarson's ghost (21 damage)
             ... on level 6 of the Dungeon.
             The game lasted 00:02:54 (1671 turns).

tinkerttoy the Ruffian (Troll Monk)                 Turns: 1671, Time: 00:02:54

Health: -2/44      AC:  5    Str: 19    XL:     4   Next: 33%
Magic:  3/3        EV: 11    Int:  6    God:
Gold:   159        SH:  0    Dex: 13    Spells: 0 memorised, 3 levels left

rFire  . . .     SeeInvis .       - Unarmed
rCold  . . .     Clarity  .     l - +0 robe {MR+}
rNeg   . . .     SustAt   .     (no shield)
rPois  .         Gourm    +     (helmet restricted)
rElec  .         Spirit   .     (no cloak)
rCorr  .         Warding  .     (gloves unavailable)
rMut   .         Stasis   .     (boots unavailable)
MR     +....                    (no amulet)
Stlth  +.........               (no ring)
                                (no ring)

@: somewhat resistant to hostile enchantments, very unstealthy
A: unfitting armour, claws 3, fast metabolism 3, gourmand, regeneration 2,
shaggy fur 1, tough skin 2
a: no special abilities


You were on level 6 of the Dungeon.
You were full.

You visited 1 branch of the dungeon, and saw 4 of its levels.

You collected 159 gold pieces.

Inventory:

Armour
 l - a +0 robe of magic resistance (worn)
Jewellery
 a - an uncursed ring of protection from magic {unknown}
Scrolls
 d - a scroll of teleportation {unknown}
 e - 8 scrolls of identify
 g - a scroll of recharging
 h - 2 scrolls of enchant weapon {unknown}
 j - 2 scrolls of remove curse
 m - a scroll of fear {unknown}
Potions
 f - 2 potions of curing
Comestibles
 b - 6 bread rations
 c - 2 royal jellies
 k - a meat ration


   Skills:
 + Level 2.9 Fighting
 + Level 3.0 Dodging
 - Level 1.1 Stealth
 * Level 5.0 Unarmed Combat


You had 3 spell levels left.
You didn't know any spells.

Dungeon Overview and Level Annotations

Branches:
Dungeon (6/15)
 Temple: D:4-7

Altars:

Annotations:
D:6 SgtCarson's ghost, experienced TrBe


Innate Abilities, Weirdness & Mutations

You are too large for most types of armour.
You have claws for hands.
Your metabolism is lightning-fast.
You like to eat raw meat.
You heal very quickly.
You are covered in fur (AC +1).
You have very tough skin (AC +2).


Message History

Found a beef jerky.
SgtCarson's ghost (experienced Troll Berserker) comes into view.
SgtCarson's ghost stares at you.
Drink which item? (? for menu, Esc to quit)
It was a potion of heal wounds.
You feel much better.
You claw SgtCarson's ghost!
SgtCarson's ghost is lightly damaged.
SgtCarson's ghost misses you.
You claw SgtCarson's ghost! Your claw misses SgtCarson's ghost.
SgtCarson's ghost is moderately damaged.
You completely miss SgtCarson's ghost.
SgtCarson's ghost is moderately damaged.
SgtCarson's ghost hits you!
You claw SgtCarson's ghost!
SgtCarson's ghost is heavily damaged.
SgtCarson's ghost hits you!!
You scratch SgtCarson's ghost.
SgtCarson's ghost is severely damaged.
SgtCarson's ghost hits you!!
You die...

##.#..♣♣ #......♣♣
#.......♣ #.##...♣.♣
#.###♣♣♣ #.# . #.#
######...
#.#############.....(#
#.....@W............##
#########.###########
###


You could see SgtCarson's ghost.

Vanquished Creatures
  Ijyb (D:3)
  3 adders
  2 worms
  A giant gecko (D:2)
  3 hobgoblins
  4 kobolds
  6 bats
  3 giant newts
  7 goblins
  5 rats
35 creatures vanquished.

Notes
Turn   | Place    | Note
--------------------------------------------------------------
     0 | D:1      | tinkerttoy the Troll Monk began the quest for the Orb.
     0 | D:1      | Reached XP level 1. HP: 22/22 MP: 0/0
   296 | D:1      | Reached XP level 2. HP: 29/29 MP: 1/1
  1023 | D:2      | Reached XP level 3. HP: 29/36 MP: 2/2
  1595 | D:3      | Noticed Ijyb
  1605 | D:3      | Killed Ijyb
  1605 | D:3      | Reached skill level 5 in Unarmed Combat
  1605 | D:3      | Reached XP level 4. HP: 28/44 MP: 3/3
  1626 | D:3      | You fall through a shaft for 3 floors!
  1650 | D:6      | Noticed SgtCarson's ghost (experienced TrBe)
  1671 | D:6      | Slain by SgtCarson's ghost

Vault maps used:
D:1:      tarquinn_simple_flora_water_f
D:2:      serial_forest, infiniplex_forest_clump_tiny,
          infiniplex_forest_straight_5, infiniplex_forest_lined_ring,
          infiniplex_forest_lined_room_3, infiniplex_forest_lined_corner,
          infiniplex_forest_lined_corner, infiniplex_forest_diagonal,
          infiniplex_forest_clump_small, first_bread, kennysheep_generic_room_5
D:3:      fedhas_altar_1, dk_yredelemnul_ordeal, uniq_iyjb
D:6:      nicolae_overflow_crystal_walls, lightli_sewer_entry_pipes,
          minmay_misc_feat_doors, uniq_crazy_yiuf_cottage

Action                   |  1- 3 |  4- 6 || total
-------------------------+-------+-------++-------
Melee: Unarmed           |    88 |     5 ||    93
  Use: Scroll            |     6 |       ||     6
       Potion            |       |     1 ||     1
 Stab: Sleeping          |     6 |       ||     6
  Eat: Chunk             |    17 |       ||    17
